 Dungeon Crawl Stone Soup version 0.29-a0-617-g7a6b98fccd (webtiles) character file.

Game seed: 14377710721168790324

69 spaghetti the Grave Robber (level 4, 0/30 HPs)
             Began as a Barachi Necromancer on June 17, 2022.
             Slain by an orc wizard
             ... wielding a +0 dagger
              (3 damage)
             ... on level 2 of the Dungeon.
             The game lasted 00:04:26 (1748 turns).

spaghetti the Grave Robber (Barachi Necromancer)    Turns: 1748, Time: 00:04:27

Health: 0/30       AC:  6    Str:  7 (10) XL:     4   Next: 20%
Magic:  8/8        EV: 12    Int: 14 (17) God:
Gold:   98         SH:  0    Dex: 11 (12) Spells: 7/8 levels left

rFire   + . .      SeeInvis .   i - +0 mace {mace}
rCold   + . .      Faith    .   (no shield)
rNeg    . . .      Spirit   .   a - +0 robe
rPois   +          Reflect  .   (no helmet)
rElec   +          Harm     .   (no cloak)
rCorr   +          Rampage  .   (no gloves)
Will    .....                   (no boots)
Stlth   ++........              (no amulet)
HPRegen 0.10/turn               l - +4 ring of protection
MPRegen 0.11/turn               (no ring)

@: resistant, hasted, quick
A: amphibious, slowness 1, strong legs 1, +LOS
a: Hop


You were on level 2 of the Dungeon.
You visited 1 branch of the dungeon, and saw 2 of its levels.

You collected 98 gold pieces.


Innate Abilities, Weirdness & Mutations

You are amphibious.
You cover ground slowly.
You can hop short distances.
You have an extended range of vision and can be seen from far away.


   Skills:
 + Level 1.5 Armour
 * Level 3.1 Dodging
 - Level 1.7 Stealth
 + Level 2.7 Spellcasting
 * Level 4.2 Necromancy


You had 7 spell levels left.
You knew the following spells:

 Your Spells              Type           Power      Damage    Failure   Level
a - Necrotize             Necr           52%        1d6       4%          1

Your spell library contained the following spells:

 Spells                   Type           Power      Damage    Failure   Level
 Vampiric Draining        Necr           13%        2d6       12%         3
 Animate Dead             Necr           13%        N/A       36%         4
 Ozocubu's Armour         Ice            1%         N/A       54%         3
 Agony                    Necr           13%        N/A       73%         5
 Ozocubu's Refrigeration  Ice            0%         4d5       100%        7

Inventory:

Hand Weapons
 f - a +0 club {mace}
   (You found it on level 1 of the Dungeon)
 i - a +0 mace (weapon) {mace}
   (You found it on level 1 of the Dungeon)
Missiles
 r - 6 boomerangs (quivered) {throwing}
 s - 28 stones {throwing}
Armour
 a - a +0 robe (worn)
Jewellery
 h - a ring of ice
   (You found it on level 1 of the Dungeon)
 l - a +4 ring of protection (left hand)
   (You found it on level 1 of the Dungeon)
Scrolls
 e - 2 scrolls of enchant weapon
 g - a scroll of noise {!r}
 j - a scroll of fog
 m - 2 scrolls of summoning

Dungeon Overview and Level Annotations

Branches:
Dungeon (2/15) Zot: 10077

Altars:

#§§§## ###§§# ##§# #.# #
# #.. #.### .# ##.
#..lS## . .### #. #bg#
#....# ## ##@##
#....##### #oo#
#......## # # ##o#
##.###..# ...##.###.##
#.# ##.#
#.........$#######.##
#..
#.##..)........##..###..
###.........###.##..#
#..................
......[.........##.##


You could see an orc wizard (ally target), 2 orcs, a friendly adder (summoned),
a friendly hobgoblin (summoned), a friendly bat (summoned) and a friendly
frilled lizard (summoned).


Message History

Aim: an orc, wielding a +0 short sword (heavily wounded, ally target, chance to affect: 83%)
Something writhes in agony.
You hear some strange, mumbled words.
A magic dart appears from out of thin air!
The magic dart hits you.
* * * LOW HITPOINT WARNING * * *
Your orc skeleton barely misses something. 😨 HP[-6] MP[-1]
You take 6 damage, and now have 8/30 hp.
You lost 1 mp, and now have 2/8 mp.
Casting: Necrotize (safe; 4% risk of failure)
Confirm with . or Enter, or press ? or * to list all spells.
Aiming: Necrotize (safe; 4% risk of failure)
Press: ? - help, Shift-Dir - straight line, f/p - orc
Aim: an orc, wielding a +0 short sword (heavily wounded, ally target, chance to affect: 83%)
You miscast Necrotize.
You are very lightly contaminated with residual magic.
Nothing appears to happen. 😨 MP[-1]
You lost 1 mp, and now have 1/8 mp.
Casting: Necrotize (safe; 4% risk of failure)
Confirm with . or Enter, or press ? or * to list all spells.
Aiming: Necrotize (safe; 4% risk of failure)
Press: ? - help, Shift-Dir - straight line, f/p - orc
Aim: an orc, wielding a +0 short sword (heavily wounded, ally target, chance to affect: 83%)
Something writhes in agony.
Something hits you.
* * * LOW HITPOINT WARNING * * *
Your orc skeleton barely misses something. 😱 HP[-2] MP[-1]
You take 2 damage, and now have 6/30 hp.
You lost 1 mp, and now have 0/8 mp.
Casting: Necrotize (safe; 4% risk of failure)
Confirm with . or Enter, or press ? or * to list all spells.
You don't have enough magic to cast this spell.
Casting: Necrotize (safe; 4% risk of failure)
Confirm with . or Enter, or press ? or * to list all spells.
You don't have enough magic to cast this spell.
Unknown command.
You aren't carrying any items that you can evoke.
Okay, then.
Okay, then.
Magic courses through your body.
You hear some strange, mumbled words.
You are confused. 😱 MP[+8]
Your mp is fully restored (8).
You aren't carrying any potions.
Unknown command.
Are you sure you want to stumble around while confused and next to your orc skeleton?
Your orc skeleton barely misses something.
Something hits your orc skeleton.
Unknown command.
Are you sure you want to stumble around while confused and next to your orc skeleton?
You're too confused to move!
Unknown command.
Are you sure you want to stumble around while confused and next to your orc skeleton?
Okay, then.
Unknown command.
Are you sure you want to stumble around while confused and next to your orc skeleton?
Something hits your orc skeleton.
Your orc skeleton is destroyed!
Unknown command.
Unknown command.
Unknown command.
Unknown command.
The orc barely misses you. Something hits you.
* * * LOW HITPOINT WARNING * * *
😱 HP[-1]
You take 1 damage, and now have 5/30 hp.
Unknown command.
Unknown command.
Something hits you.
* * * LOW HITPOINT WARNING * * *
😱 HP[-3]
You take 3 damage, and now have 2/30 hp.
Unknown command.
Unknown command.
You bump into the rock wall.
An orc wizard appears from thin air!
Reactivating autopickup.
Your magical contamination has completely faded away. 😱 HP[+1] Unknown command.
Unknown command.
Unknown command.
You're too confused to cast spells.
You hit the orc wizard but do no damage.
You feel less confused. The orc barely misses you. The orc wizard misses you.
Unknown command.
Unknown command.
Unknown command.
Casting: Necrotize (safe; 4% risk of failure)
Confirm with . or Enter, or press ? or * to list all spells.
You don't know that spell.
You aren't carrying any potions.
Unknown command.
As you read the scroll labelled CEIGYI ERROFIS, it crumbles to dust.
Wisps of shadow whirl around you...
It was a scroll of summoning.
The orc wizard hits you with a +0 dagger.
You die...

Skill      XL: |  1  2  3 |
---------------+----------+-----
Armour         | 1 |  1.5
Necromancy     | 4 |  4.2
Dodging        | 3 |  3.1
Stealth        | |  1.7
Spellcasting   | |  2.7

Action                   |  1- 3 |  4- 6 || total
-------------------------+-------+-------++-------
Melee: Mace              |    63 |     6 ||    69
       Punch             |     1 |       ||     1
Throw: Boomerang         |     6 |       ||     6
 Cast: Necrotize         |    38 |     9 ||    47
  Use: Potion            |     4 |     5 ||     9
       Scroll            |       |     4 ||     4
 Stab: Sleeping          |     1 |     1 ||     2
       Distracted        |     1 |       ||     1
Armor: Robe              |    52 |    13 ||    65
Dodge: Dodged            |    98 |    19 ||   117

Levels and vault maps discovered:
D:1:      dpeg_arrival_boxorama, layout_rooms, minmay_misc_feat_ornament,
          minmay_octomino_c4
D:2:      layout_rooms, corexii_hall_statues_deadend, uniq_jessica

Notes
Turn   | Place    | Note
-------+----------+-------------------------------------------
     0 | D:1      | spaghetti the Barachi Necromancer began the quest for the
                  | Orb.
     0 | D:1      | Reached XP level 1. HP: 13/13 MP: 3/3
     0 | D:1      | magus.rc [v1.9.6]
   247 | D:1      | HP: 3/13 [hobgoblin (1)]
   524 | D:1      | Reached XP level 2. HP: 15/19 MP: 3/5
  1203 | D:2      | Reached XP level 3. HP: 19/24 MP: 0/6
  1346 | D:2      | You add the spells Ozocubu's Armour and Ozocubu's
                  | Refrigeration to your library.
  1368 | D:2      | Reached skill level 1 in Armour
  1370 | D:2      | Reached skill level 4 in Necromancy
  1504 | D:2      | Noticed Jessica
  1536 | D:2      | HP: 5/24 [Jessica/+0 dagger (6)]
  1538 | D:2      | Killed Jessica
  1539 | D:2      | Reached skill level 3 in Dodging
  1539 | D:2      | Reached XP level 4. HP: 28/30 MP: 1/8
  1738 | D:2      | HP: 6/30 [something (2)]
  1744 | D:2      | HP: 5/30 [something (1)]
  1745 | D:2      | HP: 2/30 [something (3)]
  1748 | D:2      | Slain by an orc wizard

Vanquished Creatures
  Jessica (D:2)
  A dart slug (D:1)
  2 orcs (D:2)
  3 endoplasms
  5 hobgoblins
  3 jackals
  2 kobolds (D:2)
  3 quokkas
  5 bats
  2 frilled lizards
  3 goblins
  2 rats
32 creatures vanquished.

Vanquished Creatures (collateral kills)
  A worm (D:2)
  A ball python (D:2)
2 creatures vanquished.

Grand Total: 34 creatures vanquished

Table legend:
 A = Non-vault XP
 B = Vault XP
 C = Vault XP percentage of total XP
 D = Non-vault monster count
 E = Vault monster count
 F = Vault count percentage of total count
                 A         B        C        D         E       F
            +---------+---------+-------+---------+---------+-------
      Total |      52 |      47 |  47.5 |      28 |       6 |  17.6
            +---------+---------+-------+---------+---------+-------
        D:1 |      13 |      10 |  43.5 |       8 |       5 |  38.5
        D:2 |      39 |      37 |  48.7 |      20 |       1 |   4.8
            +---------+---------+-------+---------+---------+-------

Illustrated notes

Table legend:
 A = Kills in this place as a percentage of kills in entire the game.
 B = Kills by you in this place as a percentage of kills by you in the entire game.
 C = Kills by friends in this place as a percentage of kills by friends in the entire game.
 D = Other kills in this place as a percentage of other kills in the entire game.
 E = Experience gained in this place as a percentage of experience gained in the entire game.
 F = Experience gained in this place divided by the number of levels of this place that you have seen.
                   A       B       C       D       E      F
               +-------+-------+-------+-------+-------+----------------------
         Total | 100.0 | 100.0 | 100.0 |   N/A | 100.0 |  49.5
       Dungeon | 100.0 | 100.0 | 100.0 |   N/A | 100.0 |  49.5
               +-------+-------+-------+-------+-------+----------------------

Table legend: (Time is in decaauts)
 A = Elapsed time spent in this place.
 B = Non-inter-level travel time spent in this place.
 C = Inter-level travel time spent in this place.
 D = Time resting spent in this place.
 E = Time spent auto-exploring this place.
 F = Levels seen in this place.
 G = Mean time per level.
                   A        B        C        D        E       F      G
               +--------+--------+--------+--------+--------+-----+--------+
         Total |   1921 |   1884 |     37 |      5 |   1587 |   2 |  960.5 |
       Dungeon |   1921 |   1884 |     37 |      5 |   1587 |   2 |  960.5 |
               +--------+--------+--------+--------+--------+-----+--------+

Top non-repeatable levels by time:
     D:1: 1221 daAuts
     D:2: 700 daAuts
